Workbook
Name CO2_IntensityGasolineDiesel: '[1]CAFE standards'!$V$21
Name fuel_intensity: '[1]CAFE standards'!$V$2
Name IndicatorOutput_NPi: '[2]Indicators output NPi'!$A$1:$BM$200
Name LiterPerGallon: '[1]CAFE standards'!$V$3
Name Load: '[1]CAFE standards'!$V$5
Name MileToKm: '[1]CAFE standards'!$V$4
Name National_rates: '[3]Est. national rates'!$B$12:$P$183
Name New_sources: [3]Sources!$C$15:$AG$172
Name Policy_fulltable: [4]Database!$B$9:$N$2888
Name Policy_tablehead: [4]Database!$B$8:$N$8
Name Policy_title: [4]Database!$C$9:$C$2888
Name Pop_2011: '[3]Population 2011'!$B$9:$F$180
Name Urb_rates: '[3]Est. urban rates'!$B$10:$N$165

Sheet Content
A1: Sheet name | B1: Sheet information
A2: Legend - definitions | B2: This sheet contains: a) the explanation for the policy ID naming that can be found in the 'High impact policies' sheet, column A broken down in sector and policy type indication b) The color coding of policies in policy coverage context that can be found in the 'High impact policies' sheet c) a short explanation on the selection, quantification and implementation of high impact climate policies in major economies.
A3: High impact policies | B3: This sheet contains the selection of high impact climate policies as well as all relevant information - Policy IDs, sectoral coverage, policy instrument and type, link to the actual policy, start and end date of impementation, as well as the project under which each policy was included in the protocol. Additionally, it provides information on whether the selected policy could be quantified in anyway, and if so, if it was eventually included in the IMAGE model scenario development. For detailed information on policy selection, see 'Policy selection and implementation' and ' High impact policies column headers' in the 'Legends - definitions' sheet.
A4: Translation to model targets | B4: This sheet contains the first order quantification of each policy (whenever that is possible) - 'Original Target Indicator' in column E, as well as the proposed specific quantification for implementation in climate & energy models - 'Model Target Indicator' in column I. In most of the cases the quantifiable policy is the same in both versions, however certain alternative options or interpretations are provided as well. Specific information: a) If a policy has a single set target, this target appears in both the min-max ranges in the sheet b) If a cell is blank, the policy was not able to be quantified in any meaningful/useful way c) Certain policies appear with an 'alternative' target alongside their original one ("Policy ID + ALT"). This is meant to facilitate implementation, as it might be easier for models to implement the alternative policy instead of the original one. NOTE: not all policies in column I have been included in the IMAGE Current Policy scenario. For a detailed representation of the policies included, see Sheet "High impact policies", column J.

Sheet Policy database categories
A1: Instrument category | B1: Sub-category | C1: Policy instrument | E1: Electricity and heat: Nuclear, Coal, Oil, Gas, Renewables, CCS
A2: Economic instruments | B2: Direct investment | C2: Funds to sub-national governments | E2: Industry: Industrial energy-related, Fluorinated gases, Industrial N2O, Industrial process CO2, Waste (CH4), Oil and gas production (CH4)
C3: Infrastructure investments | E3: Buildings: Heating and cooling, Hot water and cooking, Appliances
C4: Procurement rules | E4: Transport: Light duty vehicles, Heavy duty vehicles, Electro-mobility, Air, Rail, Shipping
C5: RD&D funding | E5: Agriculture and forestry: Agricultural CO2, Agricultural N2O, Agricultural CH4, Forestry
B6: Fiscal or financial incentives | C6: CO2 taxes
C7: Energy and other taxes
C8: Feed-in tariffs or premiums
C9: Grants and subsidies
C10: Loans
C11: Tax relief
C12: User changes
C13: Tendering schemes
C14: Retirement premium
B15: Market-based instruments | C15: GHG emissions allowances
C16: GHG emission reduction crediting and offsetting mechanism
C17: Green certificates
C18: White certificates
A19: Regulatory Instruments | B19: Codes and standards | C19: Building codes and standards
C20: Product standards
C21: Sectoral standards
C22: Vehicle fuel-economy and emissions standards
C23: Auditing
C24: Monitoring
C25: Obligation schemes
C26: Other mandatory requirements
A27: Information and Education | B27: Performance label | C27: Comparison label
C28: Endorsement label
C29: Advice and aid in implementation
C30: Information provision
C31: Professional training and qualification
A32: Policy support | C32: Institutional creation
C33: Strategic planning
A34: RD&D | B34: Research programme | C34: Technology deployment and diffusion
C35: Technology development
C36: Demonstration project
A37: Voluntary approaches | C37: Negotiated agreements (public/private sector)
C38: Public voluntary schemes
C39: Unilateral commitments (private sector)
A40: Barrier removal | C40: Net metering
C41: Removal of fossil-fuel subsidies
C42: Removal of split incentives (landlord tenant problem)
C43: Grid access and priority for renewables
A44: Climate Strategy | C44: Formal & legally binding climate strategy
C45: Political & non-binding climate strategy
C46: Coordinating body for climate strategy
A47: Target | B47: Energy efficiency target | C47: Formal & legally binding energy efficiency target
C48: Political & non-binding energy efficiency target
B49: GHG reduction target | C49: Formal & legally binding GHG reduction target
C50: Political & non-binding GHG reduction target
B51: Renewable energy target | C51: Formal & legally binding renewable energy target
C52: Political & non-binding renewable energy target

Sheet Legend - definitions
A1: numbering: 1 - …, always with a/b/c even if there's only 'a' - letters for different targets in the same group (e.g. different REN technologies), 3-letter country, 3-letter sector, 3-letter policy type/area, 2 letter target year (20XX). Same letter for policies with multiple target years (only last two numbers differ in the ID then). Legend: policy ID types can apply to various sectors, although they are listed under one (occurring most often) - e.g. GHG (emission reduction) can apply to general - economy wide, or to specific sectors such as industry
A2: Policy ID sector indication | B2: meaning | C2: policy ID policy type indication | D2: meaning | E2: policy ID policy type indication | F2: meaning | G2: policy ID policy type indication | H2: meaning | I2: policy ID policy type indication | J2: meaning | K2: policy ID policy type indication | L2: meaning | M2: Future additions?
A3: ENE | B3: Energy | C3: REN | D3: Renewables | E3: EFF | F3: Efficiency | G3: ELE | H3: Electrification | I3: PPS | J3: Power plant standard | K3: CPO | L3: Coal phase-out | M3: IMP | N3: Implemented
A4: GEN | B4: General | C4: FIN | D4: Financial measure | E4: FGAS | F4: F-gases | G4: TAX | H4: Carbon tax | I4: NDC | J4: NDC | K4: ETS | L4: Emissions trading system | M4: PLA | N4: Planned
A5: TRA | B5: Transport | C5: MOD | D5: Modal switch | E5: BIO | F5: Biofuels | G5: EFF | H5: Vehicle efficiency targets | I5: EVP | J5: Electric vehicles / plug-in etc. | K5: FOS | L5: Fossil fuels
A6: BUI | B6: Buildings | C6: LIG | D6: Lighting | E6: EFF | F6: Building code / efficiency target | G6: LAB | H6: Labelling / information provision | I6: COO | J6: Cooking (e.g. cookstove replacement) | K6: WAS | L6: Waste
A7: ALU | B7: Agriculture/land-use | C7: AFF | D7: Afforestation | E7: DEF | F7: Deforestation | G7: GHG | H7: Emissions reduction | I7: MAN | J7: (Land) Management | K7: AIR | L7: air pollution regulation
A8: IND | B8: Industry | C8: GHG | D8: Emissions reduction | E8: OTH | F8: Other | G8: STE | H8: Steel policy | I8: CH4 | J8: Methane emissions | K8: IMP | L8: Imports/trade
A10: Color coding of policies ('High impact policies')
A11: (I)NDCs and LTSs
A12: Economy-wide policies
A13: Energy policies
A14: Industry policies
A15: Transport policies
A16: Buildings policies
A17: AFOLU policies
A18: Non-climate policies (air pollution, energy access, energy security)
A19: Under investigation
A21: Policy selection and implementation (adapted from https://doi.org/10.1038/s41467-020-15414-6* )
A22: This protocol includes climate and energy policies for major economies, and details the instruments, targets and sectors.
... A37: High impact policies column headers
B38: Policy database ID | C38: Sector name | D38: Policy target/policy instrument | E38: Type of policy instrument | F38: Policy type | G38: Name of policy (+ link to Climate Policy database) | H38: Implementation state | I38: Quantifiable | J38: Included in IMAGE Current Policy scenario | K38: Start date of implementation | L38: End date of implementation | M38: Inclusion date / project
A39: Country name and policy ID in protocol. ID broken down in: 1) Number of policy (similar policies are grouped up e.g., 1a, 1b etc.) 2) Country code the policy relates to 3) Policy sector indication 4) Policy type indication 5) End date of implementation of policy (or start year of implementation if end date is not available) | B39: Policy ID in NewClimate Institution's climate policy database (https://climatepolicydatabase.org/policies ) | C39: Sectoral coverage of policy | D39: General target of policy / Method used to promote policy | E39: Specific instruments used to implement policy e.g. subsidies or carbon tax | F39: Specific target of policy e.g., renewable capacity or energy efficiency increase | G39: Official name of policy and link to the policy in NewClimate's policy database | H39: Implementatios state of policy. All 'Implemented' policies should be included in the current policies scenario of each model (based on each model's capabilities). 'Planned' policies are also included if they are considered as high-impact, but should not be includedin the scenario implementation by the modelling teams. | I39: Indication of whether the policy can be quantified in any way. If 'yes', you can find the quantification in the next Sheet 'Translation to model targets'. | J39: This column indicates which policies were included in the IMAGE Current Policy scenario development. It serves only as an indication, so if other models can implement more/are not able to implement as many policies, they should do/not do so. | K39: Start date of implementation of policy. | L39: End date of implementation of policy. Blank if policy does not have an explicit end date. | M39: Date and project when the policy was introduced in the protocol.
D40: See also https://climatepolicydatabase.org/policies

Sheet High impact policies
A1: Highest mitigation impact policies | J1: =COUNTIF(J3:J426,"yes") -> 185
A2: Argentina | B2: Policy database ID | C2: Sector name | D2: Policy target/policy instrument | E2: Type of policy instrument | F2: Policy type | G2: Name of policy (+ link to Climate Policy database) | H2: Implementation state | I2: Quantifiable | J2: IMAGE CurPol scenario inclusion | K2: Start date of implementation | L2: End date of implementation | M2: Inclusion date / project
A3: 0a-ARG-GEN-NDC-30 | B3: 211205604 | C3: Economy-wide | D3: Conditional GHG emissions reduction | E3: Political & non-binding GHG reduction target | F3: Energy efficiency, Non-energy use, Other low-carbon technologies and fuel switch, Renewables | G3: Nationally Determined Contribution - NDC Argentina (2021) | H3: Planned | I3: yes | J3: no | K3: 2021 | L3: =2030 -> 2030 | M3: 2022 - ENGAGE
A4: 0b-ARG-GEN-LTS-50 | B4: 230706210 | C4: Economy-wide | D4: GHG emissions reduction | E4: Target, GHG reduction target, Political & non-binding GHG reduction target | F4: Energy efficiency, Energy service demand reduction and resource efficiency, Non-energy use, Other low-carbon technologies and fuel switch, Renewables | G4: Estrategia de desarrollo resiliente con bajas emisiones a largo plazo a 2050 | H4: Planned | I4: yes | J4: no | K4: 2021 | L4: 2050 | M4: 2023 - ELEVATE
A5: 1d-ARG-TRA-BIO-30 | B5: 211105365 | C5: Transport | D5: Biofuel blending requirements | E5: Tax relief, Institutional creation, Strategic planning, Obligation schemes, Grants and subsidies | F5: Renewables | G5: Law 27,640 on biofuels Argentina (2021) | H5: Implemented | I5: yes | J5: yes | K5: 2021 | L5: 2030 | M5: 2022 - ENGAGE
A6: 2a-ARG-ENE-REN-25 | B6: =211001641 -> 211001641 | C6: Electricity and heat | D6: Renewables share target | E6: Feed-in tariffs or premiums, Tax relief, Strategic planning, Research & Development and Deployment (RD&D), Target, Renewable energy target, Formal & legally binding renewable energy target | F6: Renewables | G6: Law 27,191 to Promote the Use of Renewable Energy in Electricity Generation Argentina (2015) | H6: Implemented | I6: yes | J6: yes | K6: =2015 -> 2015 | L6: 2025 | M6: 2019 - CD-LINKS
A7: 2b-ARG-ENE-FIN-25 | B7: =211001641 -> 211001641 | C7: Electricity and heat | D7: Renewables trade price cap | E7: Feed-in tariffs or premiums, Tax relief, Strategic planning, Research & Development and Deployment (RD&D), Target, Renewable energy target, Formal & legally binding renewable energy target | F7: Renewables | G7: Law 27,191 to Promote the Use of Renewable Energy in Electricity Generation Argentina (2015) | H7: Implemented | I7: yes | J7: no | K7: =2015 -> 2015 | L7: 2025 | M7: 2019 - CD-LINKS
A8: 2c-ARG-ENE-FIN-15 | B8: =211001641 -> 211001641 | C8: Electricity and heat | D8: FiT solar PV energy | E8: Feed-in tariffs or premiums, Tax relief, Strategic planning, Research & Development and Deployment (RD&D), Target, Renewable energy target, Formal & legally binding renewable energy target | F8: Renewables | G8: Law 27,191 to Promote the Use of Renewable Energy in Electricity Generation Argentina (2015) | H8: Implemented | I8: yes | J8: no | K8: =2015 -> 2015 | L8: 2025 | M8: 2019 - CD-LINKS
A9: 2d-ARG-ENE-FIN-15 | B9: =211001641 -> 211001641 | C9: Electricity and heat | D9: FiT non-solar renewable energy | E9: Feed-in tariffs or premiums, Tax relief, Strategic planning, Research & Development and Deployment (RD&D), Target, Renewable energy target, Formal & legally binding renewable energy target | F9: Renewables | G9: Law 27,191 to Promote the Use of Renewable Energy in Electricity Generation Argentina (2015) | H9: Implemented | I9: yes | J9: no | K9: =2015 -> 2015 | L9: 2025 | M9: 2019 - CD-LINKS
A10: 4a-ARG-ALU-FIN-30 | B10: =211001638 -> 211001638 | C10: Agriculture and forestry | D10: Sustainable use of native forests | E10: Fiscal or financial incentives | F10: Non-energy use | G10: Law 26,331 for the Environmental Protection of Native Forests Argentina (2007) | H10: Implemented | I10: yes | J10: no | K10: 2007 | M10: 2019 - CD-LINKS
A11: 5a-ARG-GEN-FGAS-45 | B11: 220505963 | C11: Economy-wide | D11: Kigali Amendment on HFCs | E11: Target, GHG reduction target | F11: Energy service demand reduction and resource efficiency, Non-energy use | G11: Kigali Amendment on HFCs Argentina (2021) | H11: Implemented | I11: yes | J11: yes | K11: 2021 | L11: 2045 | M11: 2023 - ELEVATE
A12: 8a-ARG-BUI-LIG-10 | B12: =211001639 -> 211001639 | C12: Buildings | D12: Ban on incandescent light bulbs | E12: Product standards | F12: Energy efficiency | G12: Law prohibiting commercialisation of incandescent light bulbs Argentina (2010) | H12: Implemented | I12: yes | J12: no | K12: 2010 | M12: 2019 - CD-LINKS
A13: 9a-ARG-ALU-AFF-30 | B13: =211001575 -> 211001575 | C13: Agriculture and forestry | D13: To increase forest plantations from 1.3 million ha to 2 million ha by 2030 | E13: Policy support, Institutional creation | F13: Non-energy use | G13: Joint resolution 1/18 creating the Environmental and Insurance Sustainability Program (PROSAS) Argentina (2018) | H13: Implemented | I13: yes | J13: no | K13: 2018 | L13: 2030 | M13: 2021 - COMMIT
A14: 9b-ARG-ALU-AFF-30 | B14: 211005191 | C14: Agriculture and forestry | D14: Restore 20 million hectares by 2030 | E14: Policy support, Institutional creation | F14: Non-energy use | G14: Resolution 267/2019 National plan for the restoration of native forests Argentina (2019) | H14: Implemented | I14: yes | J14: no | K14: 2019 | L14: 2030 | M14: 2023 - ELEVATE
A15: 10a-ARG-GEN-TAX-17 | B15: =211000419 -> 211000419 | C15: Economy-wide | D15: Carbon tax on energy | E15: CO2 taxes, Energy and other taxes | F15: Renewables, Energy efficiency, Other low-carbon technologies and fuel switch, Energy service demand reduction and resource efficiency | G15: Law 27,430 on Carbon Tax on Energy Argentina (2017) | H15: Implemented | I15: yes | J15: yes | K15: 2017 | M15: 2021 - COMMIT
A17: Australia | B17: Policy database ID | C17: Sector name | D17: Policy target/policy instrument | E17: Type of policy instrument | F17: Policy type | G17: Name of policy (+ link to Climate Policy database) | H17: Implementation state | I17: Quantifiable | J17: IMAGE CurPol scenario inclusion | K17: Start date of implementation | L17: End date of implementation | M17: Inclusion date / project
A18: 0a-AUS-GEN-NDC-30 | B18: 230206055 | C18: Economy-wide | D18: GHG emissions reduction | E18: Target, GHG reduction target, Political & non-binding GHG reduction target | F18: Energy efficiency, Energy service demand reduction and resource efficiency, Non-energy use, Other low-carbon technologies and fuel switch, Renewables | G18: Nationally Determined Contribution - NDC Australia (2022) | H18: Planned | I18: yes | J18: no | K18: 2022 | L18: 2030 | M18: 2023 - ELEVATE
A19: 0b-AUS-GEN-LTS-50 | B19: 220205757 | C19: Economy-wide | D19: GHG emissions reduction | E19: Target, GHG reduction target, Political & non-binding GHG reduction target | F19: Energy efficiency, Energy service demand reduction and resource efficiency, Non-energy use, Other low-carbon technologies and fuel switch, Renewables | G19: Long-Term Emissions Reduction Plan Australia (2021) | H19: Planned | I19: yes | J19: no | K19: 2021 | L19: 2050 | M19: 2022 - ENGAGE
A20: 1a-AUS-ENE-REN-30 | B20: =211003312 -> 211003312 | C20: Electricity and heat | D20: Renewable energy generation target in the State of Queensland of 50 per cent by 2030. (translated to federal level) | E20: Target, Renewable energy target | F20: Renewables | G20: Queensland Renewable Electricity Generation Target of 50% by 2030 Australia (2020) | H20: Implemented | I20: yes | J20: yes | K20: 2020 | L20: 2030 | M20: 2021 - COMMIT
A21: 2a-AUS-ENE-REN-16 | B21: =211002481 -> 211002481 | C21: Electricity and heat | D21: Required share of the LRET (Large Renewable Energy Technology) | E21: Green certificates, Strategic planning, Obligation schemes | F21: Renewables | G21: Renewable Energy (Electricity) Act Australia (2022) | H21: Implemented | I21: no | J21: no | K21: 2022 | M21: 2024 - ELEVATE
A22: 2b-AUS-ENE-REN-16 | B22: =211002481 -> 211002481 | C22: Electricity and heat | D22: Required share of SRES (Small Renewable Energy Sources) | E22: Green certificates, Strategic planning, Obligation schemes | F22: Renewables | G22: Renewable Energy (Electricity) Act Australia (2022) | H22: Implemented | I22: no | J22: no | K22: 2022 | M22: 2024 - ELEVATE
A23: 2c-AUS-ENE-REN-00 | B23: =211002481 -> 211002481 | C23: Electricity and heat | D23: Charge for not meeting the renewables share | E23: Green certificates, Strategic planning, Obligation schemes | F23: Renewables | G23: Renewable Energy (Electricity) Act Australia (2022) | H23: Implemented | I23: yes | J23: no | K23: 2022 | M23: 2024 - ELEVATE
A24: 3a-AUS-ALU-FIN-21 | B24: 211000823 | C24: Agriculture and forestry | D24: Funds for emissions reductions | E24: GHG emission reduction crediting and offsetting mechanism | F24: Energy service demand reduction and resource efficiency, Energy efficiency, Other low-carbon technologies and fuel switch, Non-energy use, Renewables | G24: Emissions Reduction Fund Australia (2017) | H24: Implemented | I24: yes | J24: no | K24: 2017 | L24: 2030 | M24: 2022 - ENGAGE
A25: 3b-AUS-ALU-FIN-21 | B25: 211000823 | C25: Agriculture and forestry | D25: Funds for emissions reductions | E25: GHG emission reduction crediting and offsetting mechanism | F25: Energy service demand reduction and resource efficiency, Energy efficiency, Other low-carbon technologies and fuel switch, Non-energy use, Renewables | G25: Emissions Reduction Fund Australia (2017) | H25: Implemented | I25: yes | J25: no | K25: 2017 | L25: 2030 | M25: 2022 - ENGAGE
A26: 4a-AUS-ENE-EFF-30 | B26: =211000948 -> 211000948 | C26: Electricity and heat | D26: Increase energy productivity | E26: Strategic planning, Energy efficiency target, Political & non-binding energy efficiency target, Market-based instruments | F26: Energy efficiency | G26: Energy Productivity Plan Australia (2015) | H26: Implemented | I26: yes | J26: no | K26: 2015 | L26: 2030 | M26: 2019 - CD-LINKS
A27: 6a-AUS-GEN-FGAS-36 | B27: =211001414 -> 211001414 | C27: Economy-wide | D27: HFC emissions reduction | E27: Strategic planning, Target | F27: Non-energy use | G27: HFC emissions reduction target Australia (2016) | H27: Implemented | I27: yes | J27: yes | K27: 2016 | L27: 2036 | M27: 2019 - CD-LINKS
A28: 7a-AUS-ENE-FIN-09 | B28: =211000353 -> 211000353 | C28: Electricity and heat | D28: Funding CCS | E28: Infrastructure investments | F28: Other low-carbon technologies and fuel switch | G28: CCS Flagships Programme Australia (2009) | H28: Implemented | I28: yes | J28: no | K28: 2009 | L28: 2014 | M28: 2019 - CD-LINKS
A29: 8a-AUS-TRA-FIN-16 | B29: =211001240 -> 211001240 | C29: Transport | D29: Fuel taxes | E29: Energy and other taxes | F29: Energy service demand reduction and resource efficiency, Energy efficiency, Renewables, Other low-carbon technologies and fuel switch | G29: Fuel Tax Reform Australia (2006) | H29: Implemented | I29: yes | J29: no | K29: 2006 | M29: 2019 - CD-LINKS
A30: 9a-AUS-GEN-FIN-30 | B30: =211000524 -> 211000524 | C30: Economy-wide | D30: Funds for emissions reductions | E30: Economic instruments, Direct investment, Policy support | F30: Energy efficiency, Renewables, Other low-carbon technologies and fuel switch | G30: Climate Solutions Package Australia (2019) | H30: Implemented | I30: yes | J30: no | K30: 2019 | L30: 2030 | M30: 2020 -ENGAGE
A31: 10a-AUS-GEN-GHG-20 | B31: =211003313 -> 211003313 | C31: Economy-wide | D31: Technology investment roadmap | E31: Strategic planning, Target | F31: Energy efficiency, Energy service demand reduction and resource efficiency, Non-energy use, Other low-carbon technologies and fuel switch, Renewables | G31: Technology Investment Roadmap Australia (2020) | H31: Implemented | I31: no | J31: no | K31: 2020 | M31: 2020 -ENGAGE
A32: 11a-AUS-ENE-EFF-20 | B32: =211000918 -> 211000918 | C32: Electricity and heat | D32: Energy efficient communities program | E32: Funds to sub-national governments, Grants and subsidies, Monitoring | F32: Energy efficiency | G32: Energy Efficient Communities Program - Community Organisations Australia (2019) | H32: Implemented | I32: yes | J32: no | K32: 2019 | M32: 2020 -ENGAGE
A33: 13c-AUS-BUI-EFF-50 | B33: 211105388 | C33: Buildings | D33: Building code | E33: Policy support, Strategic planning | F33: Energy efficiency | G33: Trajectory for Low Energy Buildings Australia (2019) | H33: Implemented | I33: no | J33: no | K33: 2019 | L33: 2050 | M33: 2022 - ENGAGE
A34: 14a-AUS-TRA-EFF-19 | B34: 211002053 | C34: Transport | D34: Emissions reduction target | E34: Strategy | F34: Strategic planning | G34: National Electric Vehicles Strategy Australia (2023) | H34: Implemented | I34: no | J34: no | K34: 2023 | L34: 2030 | M34: 2024 - ELEVATE
A36: Brazil | B36: Policy database ID | C36: Sector name | D36: Policy target/policy instrument | E36: Type of policy instrument | F36: Policy type | G36: Name of policy (+ link to Climate Policy database) | H36: Implementation state | I36: Quantifiable | J36: IMAGE CurPol scenario inclusion | K36: Start date of implementation | L36: End date of implementation | M36: Inclusion date / project
A37: 0a-BRA-GEN-NDC-25 | B37: 240306451 | C37: Economy-wide | D37: NDC Emission reduction target | E37: GHG reduction target, Political & non-binding GHG reduction target | F37: Energy efficiency, Non-energy use, Other low-carbon technologies and fuel switch, Renewables | G37: Nationally Determined Contribution - NDC Brazil (2023) | H37: Planned | I37: yes | J37: no | K37: 2022 | L37: 2025 | M37: 2024 - ELEVATE
A38: 0a-BRA-GEN-NDC-30 | B38: 240306451 | C38: Economy-wide | D38: NDC Emission reduction target | E38: GHG reduction target, Political & non-binding GHG reduction target | F38: Energy efficiency, Non-energy use, Other low-carbon technologies and fuel switch, Renewables | G38: Nationally Determined Contribution - NDC Brazil (2023) | H38: Planned | I38: yes | J38: no | K38: 2022 | L38: 2030 | M38: 2024 - ELEVATE
A39: 0a-BRA-GEN-LTS-50 | B39: 240306451 | C39: Economy-wide | D39: NDC Emission reduction target | E39: GHG reduction target, Political & non-binding GHG reduction target | F39: Energy efficiency, Non-energy use, Other low-carbon technologies and fuel switch, Renewables | G39: Nationally Determined Contribution - NDC Brazil (2023) | H39: Planned | I39: yes | J39: no | K39: 2022 | L39: 2050 | M39: 2024 - ELEVATE
A40: 1a-BRA-GEN-FGAS-45 | B40: 230206065 | C40: Economy-wide | D40: Kigali Amendment on HFCs | E40: Target, GHG reduction target | F40: Energy service demand reduction and resource efficiency, Non-energy use | G40: Kigali Amendment on HFCs Brazil (2021) | H40: Implemented | I40: yes | J40: yes | K40: 2021 | L40: 2045 | M40: 2023 - ELEVATE
A41: 2a-BRA-ALU-AFF-30 | B41: 211105467 | C41: Agriculture and forestry | D41: Recovery of Native Vegetation | E41: Policy support, Institutional creation | F41: Non-energy use | G41: National Policy for the Recovery of Native Vegetation -Proveg Brazil (2017) | H41: Implemented | I41: yes | J41: yes | K41: 2017 | L41: 2030 | M41: 2024 - ELEVATE
A42: 4d-BRA-TRA-BIO-28 | B42: =211002557 -> 211002557 | C42: Transport | D42: Biofuel carbon intensity | E42: Green certificates, Product standards, Political & non-binding renewable energy target | F42: Renewables | G42: RenovaBio (Decree 9308) Brazil (2018) | H42: Implemented | I42: yes | J42: yes | K42: 2018 | L42: 2028 | M42: 2021 - COMMIT
A43: 4e-BRA-TRA-BIO-23 | B43: 211105450 | C43: Transport | D43: Biodiesel blending | E43: Product standards, Sectoral standards | F43: Other low-carbon technologies and fuel switch | G43: Changes in the biodiesel blending mandate Brazil (2020) | H43: Implemened | I43: yes | J43: yes | K43: 2020 | L43: 2023 | M43: 2022 - ENGAGE
A44: 5b-BRA-TRA-EFF-27 | B44: =211003059 -> 211003059 | C44: Transport | D44: Energy efficiency in vehicles | E44: Tax relief, Vehicle fuel-economy and emissions standards | F44: Energy efficiency, Other low-carbon technologies and fuel switch | G44: Rota 2030 Mobility and Logistics Brazil (2018) | H44: Implemented | I44: yes | J44: yes | K44: 2018 | L44: 2027 | M44: 2024 - ELEVATE
A45: 6a-BRA-BUI-LIG-16 | B45: =211000242 -> 211000242 | C45: Buildings | D45: Ban on incandescent light bulbs | E45: Regulatory Instruments, Other mandatory requirements, Product standards | F45: Energy efficiency | G45: Efficient lighting policy Brazil (2010) | H45: Implemented | I45: yes | J45: yes | K45: 2016 | M45: 2019 - CD-LINKS
A46: 8a-BRA-ALU-AFF-30 | B46: 230706213 | C46: Agriculture and forestry | D46: Low-Carbon Agriculture Plan (ABC+) | E46: Policy support, Institutional creation | F46: Non-energy use | G46: Agricultural Policy for Climate Adaptation and Low Carbon Emission (ABC+) | H46: Implemented | I46: yes | J46: no | K46: 2023 | L46: 2030 | M46: 2023 - ELEVATE
A47: 8b-BRA-ALU-AFF-30 | B47: 230706213 | C47: Agriculture and forestry | D47: Low-Carbon Agriculture Plan (ABC+) | E47: Policy support, Institutional creation | F47: Non-energy use | G47: Agricultural Policy for Climate Adaptation and Low Carbon Emission (ABC+) | H47: Implemented | I47: yes | J47: no | K47: 2023 | L47: 2030 | M47: 2023 - ELEVATE
A48: 8c-BRA-ALU-AFF-30 | B48: 230706213 | C48: Agriculture and forestry | D48: Low-Carbon Agriculture Plan (ABC+) | E48: Policy support, Institutional creation | F48: Non-energy use | G48: Agricultural Policy for Climate Adaptation and Low Carbon Emission (ABC+) | H48: Implemented | I48: yes | J48: yes | K48: 2023 | L48: 2030 | M48: 2023 - ELEVATE
A49: 10a-BRA-ENE-FOS-23 | B49: 211105454 | C49: Electricity and heat | D49: Ban on flaring/venting | E49: Regulatory Instruments, Codes and standards, Industrial air pollution standards | F49: Energy service demand reduction and resource efficiency | G49: Resolution No 806 of 2020 from ANP Brazil (2020) | H49: Implemented | I49: no | J49: no | K49: 2020 | L49: 2023 | M49: 2022 - ENGAGE
A51: Canada | B51: Policy database ID | C51: Sector name | D51: Policy target/policy instrument | E51: Type of policy instrument | F51: Policy type | G51: Name of policy (+ link to Climate Policy database) | H51: Implementation state | I51: Quantifiable | J51: IMAGE CurPol scenario inclusion | K51: Start date of implementation | L51: End date of implementation | M51: Inclusion date / project
A52: 0a-CAN-GEN-NDC-30 | B52: 211005325 | C52: Economy-wide | D52: NDC Emission reduction target | E52: GHG reduction target, Political & non-binding GHG reduction target | F52: Energy service demand reduction and resource efficiency, Energy efficiency, Renewables, Other low-carbon technologies and fuel switch, Non-energy use | G52: Nationally Determined Contribution - NDC Canada (2021) | H52: Planned | I52: yes | J52: no | K52: 2021 | L52: 2030 | M52: 2022 - ENGAGE
A53: 0b-CAN-GEN-LTS-50 | B53: 230806221 | C53: Economy-wide | D53: GHG emissions reduction | E53: Target, GHG reduction target, Political & non-binding GHG reduction target | F53: Energy efficiency, Energy service demand reduction and resource efficiency, Non-energy use, Other low-carbon technologies and fuel switch, Renewables | G53: Exploring Approaches for Canada’s Transition to Net-Zero Emissions Canada (2022) | H53: Planned | I53: yes | J53: no | K53: 2022 | L53: 2050 | M53: 2023 - ELEVATE
A54: 1a-CAN-ENE-PPS-30 | B54: =211002425 -> 211002425 | C54: Electricity and heat | D54: New Power Plants standards | E54: Sectoral standards | F54: Energy efficiency, Other low-carbon technologies and fuel switch | G54: Reduction of Carbon Dioxide Emissions from Coal-fired Generation of Electricity Regulations Canada (2012) | H54: Implemented | I54: yes | J54: yes | K54: 2012 | L54: 2030 | M54: 2019 - CD-LINKS
A55: 1b-CAN-ENE-CPO-30 | B55: =211003315 -> 211003315 | C55: Electricity and heat | D55: Coal phase-out | E55: Strategic planning, Target | F55: Energy service demand reduction and resource efficiency, Other low-carbon technologies and fuel switch | G55: Coal Phase-out Canada (2018) | H55: Implemented | I55: yes | J55: yes | K55: 2018 | L55: 2030 | M55: 2021 - COMMIT
A56: 2a-CAN-TRA-EFF-25 | B56: 211001700 | C56: Transport | D56: Light-duty efficiency standards | E56: Strategic planning, Target | F56: Energy service demand reduction and resource efficiency, Other low-carbon technologies and fuel switch | G56: Light-duty Motor Vehicle Fuel Consumption Standards Act Canada (2010) | H56: Implemented | I56: yes | J56: yes | K56: 2018 | L56: 2025 | M56: 2019 - CD-LINKS
A57: 2b-CAN-TRA-EFF-25 | B57: 211001425 | C57: Transport | D57: Heavy-duty vehicle standards | E57: Codes and standards, Vehicle fuel-economy and emissions standards | F57: Energy efficiency | G57: Heavy-duty Vehicle and Engine Greenhouse Gas Emission Regulations Canada (2013) | H57: Implemented | I57: yes | J57: yes | K57: 2013 | L57: 2025 | M57: 2019 - CD-LINKS
A58: 3a-CAN-BUI-EFF-30 | B58: 230206071 | C58: Buildings | D58: ecoEnergy Efficiency commercial/residential buildigngs for Industry (but also more broadly, see remarks) | E58: Regulatory Instruments, Codes and standards, Building codes and standards | F58: Energy efficiency | G58: National Building Code Canada (2022) | H58: Implemented | I58: yes | J58: yes | K58: 2022 | L58: 2030 | M58: 2024 - ELEVATE
A59: 3b-CAN-BUI-EFF-20 | B59: 211000712 | C59: Buildings | D59: Energy STAR for new Homes | E59: Information and education, Information provision, Comparison label, Endorsement label, Public voluntary schemes | F59: Energy efficiency | G59: ENERGY STAR for New Homes Canada (2005) | H59: Implemented | I59: yes | J59: no | K59: 2005 | L59: 2020 | M59: 2019 - CD-LINKS
A60: 4a-CAN-ALU-AFF-30 | B60: 211105483 | C60: Agriculture and forestry | D60: 2 billion trees planted by 2030 | E60: Policy support, Institutional creation | F60: Non-energy use | G60: 2 Billion trees 2021 - COMMITment Canada (2021) | H60: Implemented | I60: yes | J60: yes | K60: 2021 | L60: 2030 | M60: 2022 - ENGAGE
A61: 5a-CAN-ENE-TAX-35 | B61: - | C61: Electricity and heat (oil and gas) | D61: Investment Tax Credit for Clean Tech | E61: Investment tax credit | F61: Deployment of low-carbon techologies and processes | G61: Chapter 3: A Made-In-Canada Plan: Affordable Energy, Good Jobs, and a Growing Clean Economy | Budget 2023 | H61: Implemented | I61: yes | J61: no | K61: 2022 | L61: 2035 | M61: 2023 - ELEVATE
A62: 5b-CAN-IND-TAX-35 | B62: - | C62: Industry | D62: Investment Tax for hydrogen | E62: Investment tax credit | F62: Deployment of low-carbon techologies and processes | G62: Chapter 3: A Made-In-Canada Plan: Affordable Energy, Good Jobs, and a Growing Clean Economy | Budget 2023 | H62: Implemented | I62: yes | J62: no | K62: 2022 | L62: 2035 | M62: 2023 - ELEVATE
A63: 6a-CAN-ENE-REN-25 | B63: 211000461 | C63: Electricity and heat | D63: Clean Energy Fund | E63: RD&D funding, Demonstration project, Technology deployment and diffusion | F63: Energy efficiency, Renewables, Other low-carbon technologies and fuel switch, Non-energy use | G63: Clean Energy Fund - Renewable Energy and Clean Energy Systems Demonstration Projects Canada (2008) | H63: Implemented | I63: yes | J63: no | K63: 2008 | L63: 2025 | M63: 2019 - CD-LINKS
A64: 7a-CAN-BUI-LIG-13 | B64: 211000187 | C64: Buildings | D64: Minimum energy performance standards for general service incandescent lamps | E64: Product standards | F64: Energy efficiency | G64: Amendment 12B to the Energy efficiency Regulations Canada (2013) | H64: Implemented | I64: yes | J64: yes | K64: 2013 | M64: 2019 - CD-LINKS
A65: 8a-CAN-GEN-TAX-50 | B65: 211105480 | C65: Economy-wide | D65: Low carbon economy fund | E65: Grants and subsidies, Loans | F65: Deployment of low-carbon techologies and processes | G65: Low Carbon Economy Fund - Canada.ca | H65: Implemented | I65: no | J65: no | K65: 2017 | L65: 2050 | M65: 2023 - ELEVATE
A66: 9a-CAN-GEN-FGAS-36 | B66: 211003316 | C66: Economy-wide | D66: Regulation of HFCs | E66: Regulatory Instruments, Information provision, Sectoral standards | F66: Non-energy use | G66: Regulations Amending the Ozone-depleting Substances and Halocarbon Alternatives Regulations (SOR/2020-177) Canada (2020) | H66: Implemented | I66: yes | J66: yes | K66: 2020 | L66: 2036 | M66: 2021 - COMMIT
A67: 10a-CAN-TRA-EFF-30 | B67: 211000472 | C67: Transport | D67: Clean Fuel Standard | E67: Product standards, Sectoral standards | F67: Energy efficiency, Energy service demand reduction and resource efficiency, Non-energy use, Other low-carbon technologies and fuel switch, Renewables | G67: Clean Fuel Standard Canada (2020) | H67: Implemented | I67: yes | J67: yes | K67: 2022 | L67: 2030 | M67: 2021 - COMMIT
A68: 11b-CAN-GEN-TAX-30 | B68: - | C68: Economy-wide | D68: Carbon tax | E68: CO2 taxes | F68: Energy service demand reduction and resource efficiency, Energy efficiency, Renewables, Other low-carbon technologies and fuel switch, Non-energy use | G68: Carbon Pollution Pricing Canada (2022) | H68: Implemented | I68: yes | J68: yes | K68: 2022 | L68: 2030 | M68: 2024 - ELEVATE
A69: 12a-CAN-ENE-GHG-30 | B69: 211003319 | C69: Electricity and heat | D69: Strategic interconnections of electricity grids | E69: Strategic planning | F69: Energy service demand reduction and resource efficiency | G69: Strategic electricity interties Canada (2018) | H69: Implemented | I69: yes | J69: yes | K69: 2018 | L69: 2030 | M69: 2021 - COMMIT
A70: 13a-CAN-ENE-CH4-25 | B70: 211005195 | C70: Electricity and heat (oil and gas) | D70: Regulations to address methane in the oil and gas sector | E70: Grants and subsidies, Loans | F70: Non-energy use | G70: Emissions Reduction Fund for reducing methane in oil and gas Canada (2020) | H70: Implemented | I70: yes | J70: yes | K70: 2020 | L70: 2025 | M70: 2021 - COMMIT
A71: 13b-CAN-ENE-CH4-30 | B71: 230806224 | C71: Electricity and heat (oil and gas) | D71: Regulations to address methane in the oil and gas sector | E71: Strategic planning, Target | F71: Non-energy use | G71: Proposed regulatory framework for reducing oil and gas methane emissions to achieve 2030 target - Canada.ca | H71: Implemented | I71: yes | J71: yes | K71: 2022 | L71: 2030 | M71: 2023 - ELEVATE
A72: 14a-CAN-TRA-EVP-35 | B72: 240306352 | C72: Transport | D72: Zero Emission Vehicle Infrastructure Deployment (supported by Federal purchase incentive) | E72: Grants and subsidies, Loans | F72: Other low-carbon technologies and fuel switch | G72: Electric Vehicle Availability Standard Canada (2023) | H72: Implemented | I72: yes | J72: yes | K72: 2023 | L72: 2035 | M72: 2024 - ELEVATE
A73: 15a-CAN-ENE-MOD-30 | B73: 211105496 | C73: Electricity and heat | D73: Hydrogen deployment strategy | E73: Strategic planning, Target | F73: Other low-carbon technologies and fuel switch | G73: Hydrogen Strategy for Canada (2020) | H73: Implemented | I73: yes | J73: no | K73: 2020 | L73: 2030 | M73: 2022 - ENGAGE
A75: China | B75: Policy database ID | C75: Sector name | D75: Policy target/policy instrument | E75: Type of policy instrument | F75: Policy type | G75: Name of policy (+ link to Climate Policy database) | H75: Implementation state | I75: Quantifiable | J75: IMAGE CurPol scenario inclusion | K75: Start date of implementation | L75: End date of implementation | M75: Inclusion date / project
A76: 0a-CHN-GEN-NDC-30 | B76: 211205602 | C76: Economy-wide | D76: NDC Emission reduction target | E76: Target, GHG reduction target, Political & non-binding GHG reduction target, Renewable energy target, Political & non-binding renewable energy target | F76: Energy service demand reduction and resource efficiency, Renewables, Other low-carbon technologies and fuel switch, Non-energy use, Energy efficiency | G76: Nationally Determined Contribution - NDC China (2021) | Climate Policy Database | H76: Planned | I76: yes | J76: no | K76: 2021 | L76: 2030 | M76: 2022 - ENGAGE
A77: 0b-CHN-GEN-NDC-30 | B77: 211205602 | C77: Economy-wide | D77: Share of non-fossil fuels | E77: Target, GHG reduction target, Political & non-binding GHG reduction target, Renewable energy target, Political & non-binding renewable energy target | F77: Energy service demand reduction and resource efficiency, Renewables, Other low-carbon technologies and fuel switch, Non-energy use, Energy efficiency | G77: Nationally Determined Contribution - NDC China (2021) | Climate Policy Database | H77: Planned | I77: yes | J77: no | K77: 2021 | L77: 2030 | M77: 2022 - ENGAGE
A78: 0c-CHN-GEN-NDC-30 | B78: 211205602 | C78: Economy-wide | D78: CO2 emissions peak | E78: Target, GHG reduction target, Political & non-binding GHG reduction target, Renewable energy target, Political & non-binding renewable energy target | F78: Energy service demand reduction and resource efficiency, Renewables, Other low-carbon technologies and fuel switch, Non-energy use, Energy efficiency | G78: Nationally Determined Contribution - NDC China (2021) | Climate Policy Database | H78: Planned | I78: yes | J78: no | K78: 2021 | L78: 2030 | M78: 2022 - ENGAGE
A79: 0d-CHN-GEN-NDC-30 | B79: 211205602 | C79: Economy-wide | D79: Wind and solar capacity | E79: Target, GHG reduction target, Political & non-binding GHG reduction target, Renewable energy target, Political & non-binding renewable energy target | F79: Energy service demand reduction and resource efficiency, Renewables, Other low-carbon technologies and fuel switch, Non-energy use, Energy efficiency | G79: Nationally Determined Contribution - NDC China (2021) | Climate Policy Database | H79: Planned | I79: yes | J79: no | K79: 2021 | L79: 2030 | M79: 2022 - ENGAGE
A80: 0e-CHN-GEN-NDC-30 | B80: 211205602 | C80: Economy-wide | D80: Forest stock target | E80: Target, GHG reduction target, Political & non-binding GHG reduction target, Renewable energy target, Political & non-binding renewable energy target | F80: Energy service demand reduction and resource efficiency, Renewables, Other low-carbon technologies and fuel switch, Non-energy use, Energy efficiency | G80: Nationally Determined Contribution - NDC China (2021) | Climate Policy Database | H80: Planned | I80: yes | J80: no | K80: 2021 | L80: 2030 | M80: 2022 - ENGAGE
A81: 0f-CHN-GEN-LTS-60 | B81: 211205602 | C81: Economy-wide | D81: Carbon neutrality | E81: Target, GHG reduction target, Political & non-binding GHG reduction target, Renewable energy target, Political & non-binding renewable energy target | F81: Energy service demand reduction and resource efficiency, Renewables, Other low-carbon technologies and fuel switch, Non-energy use, Energy efficiency | G81: Mid-Century Long-Term Low Greenhouse Gas Emission Development Strategy China (2021) | H81: Planned | I81: yes | J81: no | K81: 2021 | L81: 2060 | M81: 2023 - ELEVATE
A82: 1b-CHN-ENE-REN-25 | B82: 211105425 | C82: Electricity and heat | D82: 14th five-year plan | E82: Climate strategy, Strategic planning, GHG reduction target, Renewable energy target, Political & non-binding climate strategy, Political & non-binding GHG reduction target, Political & non-binding renewable energy target | F82: Energy service demand reduction and resource efficiency, Energy efficiency, Renewables, Non-energy use, Other low-carbon technologies and fuel switch | G82: 14th Five-Year Plan (2021-2025) China (2021) | Climate Policy Database | H82: Implemented | I82: yes | J82: no | K82: 2021 | L82: 2025 | M82: 2022 - ENGAGE
A83: 2a-CHN-ENE-REN-30 | B83: 220205872 | C83: Electricity and heat | D83: Renewable portfolio standard benchmark | E83: Formal & legally binding GHG reduction target, Formal & legally binding renewable energy target | F83: Energy efficiency, Renewables, Other low-carbon technologies and fuel switch | G83: 14 FYP Modern Energy system Planning China (2022) | Climate Policy Database | H83: Implemented | I83: yes | J83: yes | K83: 2020 | L83: 2030 | M83: 2024-CLIMA
A84: 2b-CHN-ENE-REN-25 | B84: 211105425 | C84: Electricity and heat | D84: 14th five-year plan | E84: Formal & legally binding GHG reduction target, Formal & legally binding renewable energy target | F84: Energy efficiency, Renewables, Other low-carbon technologies and fuel switch | G84: 14th Five-Year Plan (2021-2025) China (2021) | Climate Policy Database | H84: Implemented | I84: yes | J84: yes | K84: 2021 | L84: 2025 | M84: 2022 - ENGAGE
A85: 5a-CHN-ENE-FIN-16 | B85: 211000033 | C85: Electricity and heat | D85: Wind power feed-in tariffs (onshore) | E85: Feed-in tariffs or premiums | F85: Renewables | G85: Renewable Energy Electricity feed-in tariff China (2012) | Climate Policy Database | H85: Implemented | I85: yes | J85: no | K85: 2012 | M85: 2019 - CD-LINKS
A86: 5b-CHN-ENE-FIN-16 | B86: 211000033 | C86: Electricity and heat | D86: Wind power feed-in tariffs (offshore) | E86: Feed-in tariffs or premiums | F86: Renewables | G86: Renewable Energy Electricity feed-in tariff China (2012) | Climate Policy Database | H86: Implemented | I86: yes | J86: no | K86: 2012 | M86: 2019 - CD-LINKS
A87: 5c-CHN-ENE-FIN-13 | B87: 211000033 | C87: Electricity and heat | D87: Subsidy and feed-in tariff for solar PV | E87: Feed-in tariffs or premiums | F87: Renewables | G87: Renewable Energy Electricity feed-in tariff China (2012) | Climate Policy Database | H87: Implemented | I87: yes | J87: no | K87: 2012 | M87: 2019 - CD-LINKS
A88: 5d-CHN-ENE-FIN-13 | B88: 211000033 | C88: Electricity and heat | D88: Subsidy and feed-in tariff for solar PV | E88: Feed-in tariffs or premiums | F88: Renewables | G88: Renewable Energy Electricity feed-in tariff China (2012) | Climate Policy Database | H88: Implemented | I88: yes | J88: no | K88: 2012 | M88: 2019 - CD-LINKS
A89: 6a-CHN-TRA-EFF-25 | B89: 211105531 | C89: Transport | D89: Plan for energy saving and new energy vehicles | E89: Policy support, Regulatory Instruments, Research & Development and Deployment (RD&D) | F89: Other low-carbon technologies and fuel switch | G89: Mid- to Long-term Development Plan for the Automotive Industry China (2017) | Climate Policy Database | H89: Implemented | I89: yes | J89: yes | K89: 2017 | L89: 2025 | M89: 2024 - CLIMA
A90: 8d-CHN-TRA-EFF-21 | B90: 211105520 | C90: Transport | D90: Light-duty vehicles emission standards | E90: Codes and standards, Vehicle fuel-economy and emissions standards | F90: Energy efficiency | G90: Light duty vehicles emissions standards China (2021) | H90: Implemented | I90: no | J90: no | K90: 2021 | M90: 2022 - ENGAGE
A91: 8e-CHN-TRA-EFF-21 | B91: 211105521 | C91: Transport | D91: Heavy-duty vehicles emission standards | E91: Codes and standards, Vehicle fuel-economy and emissions standards | F91: Energy efficiency | G91: Heavy duty vehicles emissions standards China (2021) | H91: Implemented | I91: no | J91: no | K91: 2021 | M91: 2022 - ENGAGE
A92: 9b-CHN-GEN-EFF-25 | B92: 211105425 | C92: Economy-wide | D92: 14th five-year plan | E92: Strategic planning, Target, Energy efficiency target, GHG reduction target, Renewable energy target, Formal & legally binding climate strategy, Formal & legally binding energy efficiency target, Formal & legally binding GHG reduction target, Formal & legally binding renewable energy target | F92: Energy service demand reduction and resource efficiency, Energy efficiency, Non-energy use | G92: 14th Five-Year Plan (2021-2025) China (2021) | Climate Policy Database | H92: Implemented | I92: yes | J92: yes | K92: 2021 | L92: 2025 | M92: 2022 - ENGAGE
A93: 9c-CHN-GEN-FGAS-45 | B93: 220205869 | C93: Economy-wide | D93: Kigali Amendment on HFCs | E93: Target, GHG reduction target | F93: Energy service demand reduction and resource efficiency, Non-energy use | G93: Kigali Amendment on HFCs China (2021) | H93: Implemented | I93: yes | J93: yes | K93: 2021 | L93: 2045 | M93: 2023 - ELEVATE
A94: 9d-CHN-ENE-EFF-25 | B94: 211105425 | C94: Electricity and heat | D94: 14th five-year plan | E94: Strategic planning, Target, Energy efficiency target, GHG reduction target, Renewable energy target, Formal & legally binding climate strategy, Formal & legally binding energy efficiency target, Formal & legally binding GHG reduction target, Formal & legally binding renewable energy target | F94: Energy service demand reduction and resource efficiency, Energy efficiency, Non-energy use | G94: 14th Five-Year Plan (2021-2025) China (2021) | Climate Policy Database | H94: Implemented | I94: yes | J94: yes | K94: 2021 | L94: 2025 | M94: 2022 - ENGAGE
A95: 9e-CHN-ALU-AFF-30 | B95: 211005200 | C95: Agriculture and forestry | D95: Forest cover target | E95: Sectoral standards, Target | F95: Non-energy use | G95: 15-year plan (2021-2035) to protect ecosystems China (2020) | Climate Policy Database | H95: Implemented | I95: yes | J95: yes | K95: 2020 | L95: 2035 | M95: 2019 - CD-LINKS
A96: 10a-CHN-IND-GHG-30 | B96: 220205874 | C96: Industry | D96: Carbon peaking for steel sector | E96: Strategic planning | F96: Energy service demand reduction and resource efficiency, Renewables, Other low-carbon technologies and fuel switch, Non-energy use, Energy efficiency | G96: Carbon peaking for steel sector China (2022) | Climate Policy Database | H96: Implemented | I96: yes | J96: no | K96: 2022 | L96: 2030 | M96: 2024 - CLIMA
A97: 11b-CHN-TRA-EVP-25 | B97: 211005197 | C97: Transport | D97: EV 2025 sales target | E97: Strategic planning, Target, Sectoral standards, Regulatory Instruments | F97: Other low-carbon technologies and fuel switch | G97: New Energy Vehicles (NEV) market share target increase China (2019) | Climate Policy Database | H97: Implemented | I97: yes | J97: yes | K97: 2020 | L97: 2025 | M97: 2022 - ENGAGE
A98: 12b-CHN-IND-EFF-25 | B98: 211001752 | C98: Industry | D98: made in china | E98: Economic instruments, Market-based instruments, Sectoral standards | F98: Energy service demand reduction and resource efficiency, Energy efficiency, Renewables, Other low-carbon technologies and fuel switch | G98: Made in China (2013) | Climate Policy Database | H98: Implemented | I98: yes | J98: no | K98: 2013 | L98: 2025 | M98: 2019 - CD-LINKS
A99: 19a-CHN-ENE-ETS-20 | B99: 211003203 | C99: Electricity and heat | D99: Emission trading system | E99: GHG emissions allowances, GHG emission reduction crediting and offsetting mechanism, CO2 taxes | F99: Other low-carbon technologies and fuel switch, Energy efficiency, Energy service demand reduction and resource efficiency | G99: Emissions Trading System China (2017) | Climate Policy Database | H99: Implemented | I99: yes | J99: no | K99: 2017 | M99: 2019 - CD-LINKS
A100: 20a-CHN-ENE-MOD-25 | B100: 220205873 | C100: Electricity and heat | D100: Hydrogen deployment strategy | E100: Strategic planning, Target | F100: Other low-carbon technologies and fuel switch | G100: Medium and Long-Term Plan for the Development of Hydrogen Energy Industry China (2021-2035) | H100: Implemented | I100: yes | J100: no | K100: 2021 | L100: 2025 | M100: 2024 - ELEVATE
A102: European Union | B102: Policy database ID | C102: Sector name | D102: Policy target/policy instrument | E102: Type of policy instrument | F102: Policy type | G102: Name of policy (+ link to Climate Policy database) | H102: Implementation state | I102: Quantifiable | J102: IMAGE CurPol scenario inclusion | K102: Start date of implementation | L102: End date of implementation | M102: Inclusion date / project
A103: 0a-EUR-GEN-NDC-30 | B103: 211001461 | C103: Economy-wide | D103: Emissions reduction target (2030) | E103: Target, GHG reduction target, Formal & legally binding GHG reduction target | F103: Energy efficiency, Energy service demand reduction and resource efficiency, Non-energy use, Other low-carbon technologies and fuel switch, Renewables | G103: Nationally Determined Contribution - NDC European Union (2023) | Climate Policy Database | H103: Planned | I103: yes | J103: no | K103: 2020 | L103: 2030 | M103: 2022 - ENGAGE
A104: 0b-EUR-GEN-LTS-50 | B104: 211003304 | C104: Economy-wide | D104: Emissions reduction target (2030) | E104: Target, GHG reduction target, Formal & legally binding GHG reduction target | G104: Long-Term Low Greenhouse Gas Emissions Development Strategy European Union (27) (2020) | Climate Policy Database | H104: Planned | I104: yes | J104: no | K104: 2020 | L104: 2050 | M104: 2022 - ENGAGE
A105: 1a-EUR-GEN-FGAS-36 | B105: 230706177 | C105: Economy-wide | D105: Kigali Amendment on HFCs | E105: Target, GHG reduction target | F105: Energy service demand reduction and resource efficiency, Non-energy use | G105: Kigali Amendment on HFCs European Union (2018) | Climate Policy Database | H105: Implemented | I105: yes | J105: yes | K105: 2012 | L105: 2036 | M105: 2023 - ELEVATE
...

Sheet Translation to model target
A1: Policy ID | B1: Country | C1: ISO-3 | D1: Policy Type | E1: Conditionality | F1: Sector | G1: Policy status | H1: Original Target Indicator | I1: Original Target Value Min | J1: Original Target Value Max | K1: Original Target Unit | L1: Model Target Indicator | M1: Model Target Value Min | N1: Model Target Value Max | O1: Model Target Unit | P1: Target type | Q1: Base Year | R1: Target Year | S1: Comments
A2: ='High impact policies'!A3 -> 0a-ARG-GEN-NDC-30 | B2: Argentina | C2: ARG | D2: NDC | E2: Conditional | F2: Economy-wide | G2: Planned | H2: GHG emissions (incl LULUCF) | I2: 349 | J2: 349 | K2: MtCO2e | L2: Emissions|Kyoto Gases | M2: 349 | N2: 349 | O2: MtCO2e | P2: absolute | Q2: 2021 | R2: 2030 | S2: Emission level to be reached
A3: ='High impact policies'!A4 -> 0b-ARG-GEN-LTS-50 | B3: Argentina | C3: ARG | D3: LTS | E3: - | F3: Economy-wide | G3: Planned | H3: GHG emissions (incl LULUCF) | I3: -100 | J3: -100 | K3: % | L3: Emissions|Kyoto Gases | M3: -100 | N3: -100 | O3: % | P3: absolute | Q3: 2022 | R3: 2050
A4: ='High impact policies'!A5 -> 1d-ARG-TRA-BIO-30 | B4: Argentina | C4: ARG | D4: CurPol | E4: - | F4: Transport | G4: Implemented | H4: Minimum blend of biodiesel or ethanol in gasoline | I4: 12 | J4: 12 | K4: % | L4: Biofuel share | M4: 12 | N4: 12 | O4: % | P4: absolute | Q4: 2016 | R4: 2030
A5: ='High impact policies'!A6 -> 2a-ARG-ENE-REN-25 | B5: Argentina | C5: ARG | D5: CurPol | E5: - | F5: Electricity and heat | G5: Implemented | H5: Renewables electricity share target (national and imposed on companies) | I5: 20 | J5: 20 | K5: % | L5: Renewable electricity share | M5: 20 | N5: 20 | O5: % | P5: absolute | Q5: 2015 | R5: 2025
A6: ='High impact policies'!A7 -> 2b-ARG-ENE-FIN-25 | B6: Argentina | C6: ARG | D6: CurPol | E6: - | F6: Electricity and heat | G6: Implemented | H6: Cap of tradable renewable electricity | I6: 113 | J6: 113 | K6: USD/MWh | L6: Price cap on renewable electricity trade | M6: 113 | N6: 113 | O6: USD/MWh | P6: absolute | Q6: 2015 | R6: 2025
A7: ='High impact policies'!A8 -> 2c-ARG-ENE-FIN-15 | B7: Argentina | C7: ARG | D7: CurPol | E7: - | F7: Electricity and heat | G7: Implemented | H7: Solar PV FiT | I7: 0.9 | J7: 0.9 | K7: USD/kWh | L7: Feed-in tariff|Solar PV | M7: 0.9 | N7: 0.9 | O7: USD/kWh | P7: absolute | Q7: 2015 | R7: 2025
A8: ='High impact policies'!A9 -> 2d-ARG-ENE-FIN-15 | B8: Argentina | C8: ARG | D8: CurPol | E8: - | F8: Electricity and heat | G8: Implemented | H8: Other renewables FiT | I8: 0.015 | J8: 0.015 | K8: USD/kWh | L8: Feed-in tariffs|Other renewables | M8: 0.015 | N8: 0.015 | O8: USD/kWh | P8: absolute | Q8: 2015 | R8: 2025
A9: ='High impact policies'!A10 -> 4a-ARG-ALU-FIN-30 | B9: Argentina | C9: ARG | D9: CurPol | E9: - | F9: Agriculture and forestry | G9: Implemented | H9: Afforestation target | I9: 4.7 | J9: 4.7 | K9: Mha | L9: Land Cover|Forest|Afforestation and Reforestation | M9: 4.7 | N9: 4.7 | O9: Mha | P9: absolute | Q9: 2007 | R9: 2030
A10: ='High impact policies'!A11 -> 5a-ARG-GEN-FGAS-45 | B10: Argentina | C10: ARG | D10: CurPol | E10: - | F10: Economy-wide | G10: Implemented | H10: HFC emissions reduction | I10: -80 | J10: -80 | K10: % | L10: Emissions|HFC | M10: -80 | N10: -80 | O10: % | P10: relative | Q10: 2021 | R10: 2045
A11: ='High impact policies'!A12 -> 8a-ARG-BUI-LIG-10 | B11: Argentina | C11: ARG | D11: CurPol | E11: - | F11: Buildings | G11: Implemented | H11: Ban on commercialization of incandescent light bulbs | L11: Ban of incandescent light bulbs | P11: absolute | Q11: 2010 | S11: Residential only
A12: ='High impact policies'!A13 -> 9a-ARG-ALU-AFF-30 | B12: Argentina | C12: ARG | D12: CurPol | E12: - | F12: Agriculture and forestry | G12: Implemented | H12: Expanding forested areas | I12: 62000 | J12: 62000 | K12: ha/yr | L12: Land Cover|Forest|Afforestation and Reforestation | M12: 0.7 | N12: 0.7 | O12: Mha | P12: absolute | Q12: 2018 | R12: 2030 | S12: Increase forest plantations from 1.3 million hectares to 2 million hectares by 2030
A13: ='High impact policies'!A14 -> 9b-ARG-ALU-AFF-30 | B13: Argentina | C13: ARG | D13: CurPol | E13: - | F13: Agriculture and forestry | G13: Implemented | H13: Restore 20000 hectares per year by 2030 | I13: 20000 | J13: 20000 | K13: ha/yr | L13: Land Cover|Forest|Afforestation and Reforestation | M13: 0.22 | N13: 0.22 | O13: Mha | P13: absolute | Q13: 2019 | R13: 2030
A14: ='High impact policies'!A15 -> 10a-ARG-GEN-TAX-17 | B14: Argentina | C14: ARG | D14: CurPol | E14: - | F14: Economy-wide | G14: Implemented | H14: Carbon tax | I14: 10 | J14: 10 | K14: USD/tCO2 | L14: Price|Carbon | M14: 10 | N14: 10 | O14: USD/tCO2 | P14: absolute | Q14: 2017 | S14: A carbon tax was introduced through the new tax reform. This tax started at 10USD/tCO2eq, but it is to be adjusted every trimester. Natural gas and LPG are excluded from the taxation
A15: ='High impact policies'!A18 -> 0a-AUS-GEN-NDC-30 | B15: Australia | C15: AUS | D15: NDC | E15: Unconditional | F15: Economy-wide | G15: Planned | H15: GHG emissions (incl LULUCF) | I15: -43 | J15: -43 | K15: % | L15: Emissions|Kyoto Gases | M15: 347 | N15: 347 | O15: MtCO2e | P15: relative | Q15: 2005 | R15: 2030
A16: ='High impact policies'!A19 -> 0b-AUS-GEN-LTS-50 | B16: Australia | C16: AUS | D16: LTS | E16: - | F16: Economy-wide | G16: Planned | H16: GHG emissions (incl LULUCF) | I16: -100 | J16: -100 | K16: % | L16: Emissions|Kyoto Gases | M16: -100 | N16: -100 | O16: % | P16: absolute | R16: 2050
A17: ='High impact policies'!A20 -> 1a-AUS-ENE-REN-30 | B17: Australia | C17: AUS | D17: CurPol | E17: - | F17: Electricity and heat | G17: Implemented | H17: Renewable electricity generation target (% of total) | I17: 50 | J17: 50 | K17: % | L17: Renewable electricity share | M17: 50 | N17: 50 | O17: % | P17: absolute | R17: 2030 | S17: Renewable energy generation target in the State of Queensland of 50 per cent by 2030. (translated to federal level)
A18: ='High impact policies'!A26 -> 4a-AUS-ENE-EFF-30 | B18: Australia | C18: AUS | D18: CurPol | E18: - | F18: Electricity and heat | G18: Implemented | H18: Energy productivity increase | I18: 0.4 | J18: 0.4 | K18: GDP($M)/PJ | L18: Energy intensity | M18: 0.4 | N18: 0.4 | O18: AUD/PJ | P18: absolute | Q18: 2015 | R18: 2030 | S18: Energy productivity = Economic output (GDP)/Energy used (PJ primary)
A19: ='High impact policies'!A27 -> 6a-AUS-GEN-FGAS-36 | B19: Australia | C19: AUS | D19: CurPol | E19: - | F19: Economy-wide | G19: Implemented | H19: HFC emissions | I19: -85 | J19: -85 | K19: % | L19: Emissions|HFC | M19: -85 | N19: -85 | O19: % | P19: relative | Q19: 2016 | R19: 2036 | S19: 2016 level ~= 7,8 MtCO2e
A20: ='High impact policies'!A28 -> 7a-AUS-ENE-FIN-09 | B20: Australia | C20: AUS | D20: CurPol | E20: - | F20: Electricity and heat | G20: Implemented | H20: Investments in CCS | I20: 125 | J20: 125 | K20: AUD million | L20: Investment fund for CCS projects | M20: 125 | N20: 125 | O20: AUD million | P20: absolute | Q20: 2009
A21: ='High impact policies'!A29 -> 8a-AUS-TRA-FIN-16 | B21: Australia | C21: AUS | D21: CurPol | E21: - | F21: Transport | G21: Implemented | H21: Fuel tax | I21: 0.46 | J21: 0.46 | K21: AUD/liter | L21: Fuel tax | M21: 0.46 | N21: 0.46 | O21: AUD/L | P21: absolute | Q21: 2016
A22: ='High impact policies'!A30 -> 9a-AUS-GEN-FIN-30 | B22: Australia | C22: AUS | D22: CurPol | E22: - | F22: Economy-wide | G22: Implemented | H22: Funds for emissions reduction | I22: -100 | J22: -100 | K22: MtCO2e | L22: Emissions|Kyoto Gases | M22: -100 | N22: -100 | O22: MtCO2e | P22: relative | Q22: 2019 | R22: 2030
A23: ='High impact policies'!A32 -> 11a-AUS-ENE-EFF-20 | B23: Australia | C23: AUS | D23: CurPol | E23: - | F23: Electricity and heat | G23: Implemented | H23: Grants for businesses and community organisations to invest in energy efficiency | I23: 40 | J23: 40 | K23: AUD million | L23: Grants for energy efficiency investments | M23: 40 | N23: 40 | O23: AUD million | P23: absolute | Q23: 2020 | S23: Through this program, the Australian government will provide AUD 40 million (~24 USD million) in grants for businesses and community organisations to invest in energy efficiency (e.g. through equipment upgrades, emissions monitoring systems, etc.).
A24: ='High impact policies'!A33 -> 13c-AUS-BUI-EFF-50 | B24: Australia | C24: AUS | D24: CurPol | E24: - | F24: Buildings | G24: Implemented | H24: Net-zero buildings | I24: -100 | J24: -100 | K24: % | L24: Emissions|CO2|Energy|Demand|Residential and Commercial | M24: -100 | N24: -100 | O24: % | P24: absolute | Q24: 2019 | R24: 2050
A25: ='High impact policies'!A34 -> 14a-AUS-TRA-EFF-19 | B25: Australia | C25: AUS | D25: CurPol | E25: - | F25: Transport | G25: Implemented | H25: Electric vehicle strategy | I25: -3 | J25: -3 | K25: MtCO2 | L25: Emissions|CO2|Energy|Demand|Transportation | M25: -3 | N25: -3 | O25: MtCO2 | P25: relative | Q25: 2023 | R25: 2030 | S25: No clear targets
A26: ='High impact policies'!A37 -> 0a-BRA-GEN-NDC-25 | B26: Brazil | C26: BRA | D26: NDC | E26: Unconditional | F26: Economy-wide | G26: Planned | H26: GHG emissions (incl LULUCF) | I26: -48.4 | J26: -48.4 | K26: % | L26: Emissions|Kyoto Gases | M26: -48.4 | N26: -48.4 | O26: % | P26: relative | Q26: 2005 | R26: 2025 | S26: 2005 level = 2560 MtCO2e
A27: ='High impact policies'!A38 -> 0a-BRA-GEN-NDC-30 | B27: Brazil | C27: BRA | D27: NDC | E27: Unconditional | F27: Economy-wide | G27: Planned | H27: GHG emissions (incl LULUCF) | I27: -53.1 | J27: -53.1 | K27: % | L27: Emissions|Kyoto Gases | M27: -53.1 | N27: -53.1 | O27: % | P27: relative | Q27: 2005 | R27: 2030 | S27: 2005 level = 2560 MtCO2e
A28: ='High impact policies'!A39 -> 0a-BRA-GEN-LTS-50 | B28: Brazil | C28: BRA | D28: LTS | E28: - | F28: Economy-wide | G28: Planned | H28: GHG emissions (incl LULUCF) | I28: -100 | J28: -100 | K28: % | L28: Emissions|Kyoto Gases | M28: -100 | N28: -100 | O28: % | P28: absolute | R28: 2050
A29: ='High impact policies'!A40 -> 1a-BRA-GEN-FGAS-45 | B29: Brazil | C29: BRA | D29: CurPol | E29: - | F29: Economy-wide | G29: Implemented | H29: HFC emissions | I29: -80 | J29: -80 | K29: % | L29: Emissions|HFC | M29: -80 | N29: -80 | O29: % | P29: relative | Q29: 2021 | R29: 2045
A30: ='High impact policies'!A41 -> 2a-BRA-ALU-AFF-30 | B30: Brazil | C30: BRA | D30: CurPol | E30: - | F30: Agriculture and forestry | G30: Implemented | H30: Recovery of native vegetation | I30: 12 | J30: 12 | K30: Mha | L30: Land Cover|Forest|Afforestation and Reforestation | M30: 12 | N30: 12 | O30: Mha | P30: absolute | Q30: 2017 | R30: 2030
A31: ='High impact policies'!A42 -> 4d-BRA-TRA-BIO-28 | B31: Brazil | C31: BRA | D31: CurPol | E31: - | F31: Transport | G31: Implemented | H31: Carbon intensity biofuels | I31: -7 | J31: -7 | K31: % | L31: Emissions|CO2|Energy|Demand|Transportation | M31: -7 | N31: -7 | O31: % | P31: relative | Q31: 2017 | R31: 2028
A32: ='High impact policies'!A43 -> 4e-BRA-TRA-BIO-23 | B32: Brazil | C32: BRA | D32: CurPol | E32: - | F32: Transport | G32: Implemented | H32: Biodiesel share in diesel | I32: 15 | J32: 15 | K32: % | L32: Biofuel share (volume) | M32: 15 | N32: 15 | O32: % | P32: absolute | Q32: 2020 | R32: 2023
A33: ='High impact policies'!A44 -> 5b-BRA-TRA-EFF-27 | B33: Brazil | C33: BRA | D33: CurPol | E33: - | F33: Transport | G33: Implemented | H33: Fuel efficiency | I33: 1.4 | J33: 1.4 | K33: MJ/km | L33: Efficiency|Transportation|Passenger|Car|Internal Combustion Engine|Gasoline | M33: 1.4 | N33: 1.4 | O33: MJ/km | P33: absolute | R33: 2027 | S33: Updated to 1.4 MJ/km for 2027
A34: ='High impact policies'!A45 -> 6a-BRA-BUI-LIG-16 | B34: Brazil | C34: BRA | D34: CurPol | E34: - | F34: Buildings | G34: Implemented | H34: Ban on commercialization of incandescent light bulbs | L34: Ban of incandescent light bulbs | P34: absolute | Q34: 2016 | S34: All buildings
A35: ='High impact policies'!A46 -> 8a-BRA-ALU-AFF-30 | B35: Brazil | C35: BRA | D35: CurPol | E35: - | F35: Agriculture and forestry | G35: Implemented | H35: Degraded pasture restoration | I35: 30 | J35: 30 | K35: Mha | L35: Land Cover|Pasture | M35: 30 | N35: 30 | O35: Mha | P35: absolute | Q35: 2022 | R35: 2030
A36: ='High impact policies'!A47 -> 8b-BRA-ALU-AFF-30 | B36: Brazil | C36: BRA | D36: CurPol | E36: - | F36: Agriculture and forestry | G36: Implemented | H36: Integrated Crop-Livestock-Forestry Systems (ICLFS) expansion | I36: 10 | J36: 10 | K36: Mha | L36: Integrated Crop-Livestock-Forestry Systems (ICLFS) expansion | M36: 10 | N36: 10 | O36: Mha | P36: absolute | Q36: 2022 | R36: 2030
A37: ='High impact policies'!A48 -> 8c-BRA-ALU-AFF-30 | B37: Brazil | C37: BRA | D37: CurPol | E37: - | F37: Agriculture and forestry | G37: Implemented | H37: Planted forests expansion | I37: 4 | J37: 4 | K37: Mha | L37: Land Cover|Forest|Managed | M37: 4 | N37: 4 | O37: Mha | P37: absolute | Q37: 2022 | R37: 2030
A38: ='High impact policies'!A52 -> 0a-CAN-GEN-NDC-30 | B38: Canada | C38: CAN | D38: NDC | E38: Unconditional | F38: Economy-wide | G38: Planned | H38: GHG emissions (incl LULUCF) | I38: -40 | J38: -45 | K38: % | L38: Emissions|Kyoto Gases | M38: -40 | N38: -45 | O38: % | P38: relative | Q38: 2005 | R38: 2030 | S38: 2005 level = ~= 739 MtCO2e based on NDC and NewClimate
A39: ='High impact policies'!A53 -> 0b-CAN-GEN-LTS-50 | B39: Canada | C39: CAN | D39: LTS | E39: Unconditional | F39: Economy-wide | G39: Planned | H39: GHG emissions (incl LULUCF) | I39: -100 | J39: -100 | K39: % | L39: Emissions|Kyoto Gases | M39: -100 | N39: -100 | O39: % | P39: absolute | R39: 2050
A40: ='High impact policies'!A54 -> 1a-CAN-ENE-PPS-30 | B40: Canada | C40: CAN | D40: CurPol | E40: - | F40: Electricity and heat | G40: Implemented | H40: Power plant CO2 emission standards | I40: 420 | J40: 420 | K40: gCO2/KWh | L40: Power plant CO2 emission standards | M40: 420 | N40: 420 | O40: gCO2/KWh | P40: absolute | Q40: 2015 | R40: 2030 | S40: For new power plants
A41: ='High impact policies'!A55 -> 1b-CAN-ENE-CPO-30 | B41: Canada | C41: CAN | D41: CurPol | E41: - | F41: Electricity and heat | G41: Implemented | H41: Traditional Coal power capacity | I41: 0 | J41: 0 | K41: MW | L41: Capacity|Electricity|Coal | M41: 0 | N41: 0 | O41: MW | P41: absolute | R41: 2030
A42: ='High impact policies'!A56 -> 2a-CAN-TRA-EFF-25 | B42: Canada | C42: CAN | D42: CurPol | E42: - | F42: Transport | G42: Implemented | H42: Fuel efficiency standards | I42: 6.8 | J42: 6.8 | K42: L/100km | L42: Efficiency|Transportation|Passenger|Car|Internal Combustion Engine|Gasoline | M42: 6.8 | N42: 6.8 | O42: L/100km | P42: absolute | R42: 2025
A43: =A42&"-ALT" -> 2a-CAN-TRA-EFF-25-ALT | B43: Canada | C43: CAN | D43: CurPol | E43: - | F43: Transport | G43: Implemented | H43: Fuel efficiency standards | I43: 14.7 | J43: 14.7 | K43: km/L | L43: Efficiency|Transportation|Passenger|Car|Internal Combustion Engine|Gasoline | M43: 2.1 | N43: 2.1 | O43: MJ/km | P43: absolute | R43: 2025
A44: ='High impact policies'!A57 -> 2b-CAN-TRA-EFF-25 | B44: Canada | C44: CAN | D44: CurPol | E44: - | F44: Transport | G44: Implemented | H44: Fuel consumption (new vehicles) | I44: -46 | J44: -46 | K44: % | L44: Efficiency|Transportation|Freight|Heavy Truck|Internal Combustion Engine|Gasoline | M44: -46 | N44: -46 | O44: % | P44: relative | Q44: 2010 | R44: 2025 | S44: Also: Efficiency|Transportation|Freight|Heavy Truck|Internal Combustion Engine|Diesel
A45: ='High impact policies'!A58 -> 3a-CAN-BUI-EFF-30 | B45: Canada | C45: CAN | D45: CurPol | E45: - | F45: Buildings | G45: Implemented | H45: New buildings near zero | I45: 1 | J45: 100 | K45: % | L45: Emissions|CO2|Energy|Demand|Residential and Commercial | M45: 0 | N45: 0 | O45: MtCO2e | P45: absolute | Q45: 2022 | R45: 2030
A46: ='High impact policies'!A60 -> 4a-CAN-ALU-AFF-30 | B46: Canada | C46: CAN | D46: CurPol | E46: - | F46: Agriculture and forestry | G46: Implemented | H46: Afforestation target | I46: 2 | J46: 2 | K46: billion trees planted | L46: Land Cover|Forest|Afforestation and Reforestation | M46: 1.3 | N46: 1.3 | O46: Mha | P46: absolute | Q46: 2021 | R46: 2030
A47: ='High impact policies'!A61 -> 5a-CAN-ENE-TAX-35 | B47: Canada | C47: CAN | D47: CurPol | E47: - | F47: Electricity and heat | G47: Implemented | H47: Investment tax credit for clean technology manufacturing | I47: 11.1 | J47: 11.1 | K47: CAD billion | L47: Investment tax credit for clean technology manufacturing | M47: 11.1 | N47: 11.1 | O47: CAD billion | P47: absolute | Q47: 2022 | R47: 2035
A48: ='High impact policies'!A62 -> 5b-CAN-IND-TAX-35 | B48: Canada | C48: CAN | D48: CurPol | E48: - | F48: Industry | G48: Implemented | H48: Investment tax credit for clean hydrogen | I48: 17.7 | J48: 17.7 | K48: CAD billion | L48: Investment tax credit for clean hydrogen | M48: 17.7 | N48: 17.7 | O48: CAD billion | P48: absolute | Q48: 2022 | R48: 2035
A49: ='High impact policies'!A63 -> 6a-CAN-ENE-REN-25 | B49: Canada | C49: CAN | D49: CurPol | E49: - | F49: Electricity and heat | G49: Implemented | H49: Emission reduction | I49: -2.8 | J49: -2.8 | K49: Mt CO2eq/y | L49: Emissions|CO2|Energy|Demand|Residential and Commercial | M49: -28 | N49: -28 | O49: MtCO2e | P49: relative | Q49: 2015 | R49: 2025
A50: ='High impact policies'!A64 -> 7a-CAN-BUI-LIG-13 | B50: Canada | C50: CAN | D50: CurPol | E50: - | F50: Buildings | G50: Implemented | H50: Ban on commercialization of incandescent light bulbs | L50: Ban of incandescent light bulbs | P50: absolute | Q50: 2013 | S50: All buildings
A51: ='High impact policies'!A66 -> 9a-CAN-GEN-FGAS-36 | B51: Canada | C51: CAN | D51: CurPol | E51: - | F51: Economy-wide | G51: Implemented | H51: HFC emissions | I51: -85 | J51: -85 | K51: % | L51: Emissions|HFC | M51: -85 | N51: -85 | O51: % | P51: relative | Q51: 2012 | R51: 2036 | S51: 2.87 MtCO2e reduction
A52: ='High impact policies'!A67 -> 10a-CAN-TRA-EFF-30 | B52: Canada | C52: CAN | D52: CurPol | E52: - | F52: Economy-wide | G52: Implemented | H52: GHG emissions | I52: -30 | J52: -30 | K52: MtCO2e | L52: Emissions|Kyoto Gases | M52: -30 | N52: -30 | O52: MtCO2e | P52: relative | Q52: 2022 | R52: 2030
A53: ='High impact policies'!A68 -> 11b-CAN-GEN-TAX-30 | B53: Canada | C53: CAN | D53: CurPol | E53: - | F53: Economy-wide | G53: Implemented | H53: Federal carbon tax | I53: 65 | J53: 170 | K53: CAD/tCO2e | L53: Price|Carbon | M53: 65 | N53: 170 | O53: CAD/tCO2e | P53: absolute | Q53: 2022 | R53: 2030 | S53: Increase by 15 CAD/tCO2e per year
A54: ='High impact policies'!A69 -> 12a-CAN-ENE-GHG-30 | B54: Canada | C54: CAN | D54: CurPol | E54: - | F54: Electricity and heat | G54: Implemented | H54: GHG emissions reduction | I54: -12.7 | J54: -12.7 | K54: MtCO2e | L54: Emissions|Kyoto Gases|Energy | M54: -12.7 | N54: -12.7 | O54: MtCO2e | P54: relative | Q54: BAU | R54: 2030
A55: ='High impact policies'!A70 -> 13a-CAN-ENE-CH4-25 | B55: Canada | C55: CAN | D55: CurPol | E55: - | F55: Electricity and heat (oil and gas) | G55: Implemented | H55: Methane emissions | I55: -40 | J55: -45 | K55: % | L55: Emissions|CH4|Energy Supply and Demand | M55: -40 | N55: -45 | O55: % | P55: relative | Q55: 2012 | R55: 2025
A56: ='High impact policies'!A71 -> 13b-CAN-ENE-CH4-30 | B56: Canada | C56: CAN | D56: CurPol | E56: - | F56: Electricity and heat (oil and gas) | G56: Implemented | H56: Methane emissions | I56: -75 | J56: -75 | K56: % | L56: Emissions|CH4|Energy Supply and Demand | M56: -75 | N56: -75 | O56: % | P56: relative | Q56: 2012 | R56: 2030
A57: ='High impact policies'!A72 -> 14a-CAN-TRA-EVP-35 | B57: Canada | C57: CAN | D57: CurPol | E57: - | F57: Transport | G57: Implemented | H57: Sales target regulation | I57: 130 | J57: 130 | K57: CAD million | L57: Share of zero emission vehicles|cars|New | M57: 100 | N57: 100 | O57: % | P57: absolute | Q57: 2023 | R57: 2035 | S57: Budget supports the overall share of zero-emissions vehicles target
A58: ='High impact policies'!A73 -> 15a-CAN-ENE-MOD-30 | B58: Canada | C58: CAN | D58: CurPol | E58: - | F58: Electricity and heat | G58: Implemented | H58: GHG emissions via Hydrogen deployment | I58: -45 | J58: -45 | K58: MtCO2e | L58: Emissions|CO2|Energy|Supply|Hydrogen | M58: -45 | N58: -45 | O58: MtCO2e | P58: relative | Q58: 2020 | R58: 2030
A59: ='High impact policies'!A76 -> 0a-CHN-GEN-NDC-30 | B59: China | C59: CHN | D59: NDC | E59: Unconditional | F59: Economy-wide | G59: Planned | H59: CO2 emissions intensity (tCO2/GDP) | I59: -65 | K59: % | L59: GHG intensity target (tCO2/GDP) | M59: -65 | O59: % | P59: relative | Q59: 2005 | R59: 2030 | S59: More than 65% from 2005 level
A60: ='High impact policies'!A77 -> 0b-CHN-GEN-NDC-30 | B60: China | C60: CHN | D60: NDC | E60: Unconditional | F60: Economy-wide | G60: Planned | H60: Non-fossil fuels share in primary energy | I60: 25 | J60: 25 | K60: % | L60: Primary Energy|Non-Biomass Renewables | M60: 25 | N60: 25 | O60: % | P60: absolute | Q60: 2021 | R60: 2030
A61: ='High impact policies'!A78 -> 0c-CHN-GEN-NDC-30 | B61: China | C61: CHN | D61: NDC | E61: Unconditional | F61: Economy-wide | G61: Planned | H61: CO2 emissions peak | L61: CO2 emissions peak | P61: absolute | Q61: 2021 | R61: 2030 | S61: Peaking before 2030
A62: ='High impact policies'!A79 -> 0d-CHN-GEN-NDC-30 | B62: China | C62: CHN | D62: NDC | E62: Unconditional | F62: Economy-wide | G62: Planned | H62: Wind & Solar installed capacity | I62: 1200 | J62: 1200 | K62: GW | L62: Capacity|Electricity|Solar|PV + Capacity|Electricity|Wind | M62: 1200 | N62: 1200 | O62: GW | P62: absolute | Q62: 2021 | R62: 2030
A63: ='High impact policies'!A80 -> 0e-CHN-GEN-NDC-30 | B63: China | C63: CHN | D63: NDC | E63: Unconditional | F63: Economy-wide | G63: Planned | H63: Forest stock volume increase | I63: 6 | J63: 6 | K63: billion m3 | L63: Land Cover|Forest|Afforestation and Reforestation | M63: 6 | N63: 6 | O63: billion m3 | P63: absolute | Q63: 2005 | R63: 2030
A64: ='High impact policies'!A81 -> 0f-CHN-GEN-LTS-60 | B64: China | C64: CHN | D64: LTS | E64: - | F64: Economy-wide | G64: Planned | H64: CO2 emissions | I64: -100 | J64: -100 | K64: % | L64: Emissions|CO2 | M64: -100 | N64: -100 | O64: % | P64: absolute | Q64: 2021 | R64: 2060
A65: ='High impact policies'!A82 -> 1b-CHN-ENE-REN-25 | B65: China | C65: CHN | D65: CurPol | E65: - | F65: Electricity and heat | G65: Implemented | H65: Share of non-fossil fuels in primary energy consumption | I65: 20 | J65: 20 | K65: % | L65: Primary Energy|Non-Biomass Renewables | M65: 20 | N65: 20 | O65: % | P65: relative | Q65: 2021 | R65: 2025
A66: ='High impact policies'!A83 -> 2a-CHN-ENE-REN-30 | B66: China | C66: CHN | D66: CurPol | E66: - | F66: Electricity and heat | G66: Implemented | H66: Share of non-fossil in electricity production | I66: 39 | J66: 39 | K66: % | L66: Share of non-fossil in electricity production | M66: 39 | N66: 39 | O66: % | P66: relative | Q66: 2020 | R66: 2030 | S66: (to check if more items of this policy need to be implemented)
A67: ='High impact policies'!A84 -> 2b-CHN-ENE-REN-25 | B67: China | C67: CHN | D67: CurPol | E67: - | F67: Electricity and heat | G67: Implemented | H67: Installed nuclear power capacity | I67: 70 | J67: 70 | K67: GW | L67: Capacity|Electricity|Nuclear | M67: 70 | N67: 70 | O67: GW | P67: absolute | R67: 2025
A68: ='High impact policies'!A85 -> 5a-CHN-ENE-FIN-16 | B68: China | C68: CHN | D68: CurPol | E68: - | F68: Electricity and heat | G68: Implemented | H68: Feed-in tariff for onshore wind power | I68: 0.47 | J68: 0.6 | K68: CNY/kwh | L68: Feed-in tariff|Wind|Onshore | M68: 0.47 | N68: 0.6 | O68: CNY/kWh | P68: absolute | Q68: 2016 | S68: Depending on region
A69: ='High impact policies'!A86 -> 5b-CHN-ENE-FIN-16 | B69: China | C69: CHN | D69: CurPol | E69: - | F69: Electricity and heat | G69: Implemented | H69: Feed-in tariff for offshore wind power | I69: 0.75 | J69: 0.85 | K69: CNY/kwh | L69: Feed-in tariff|Wind|Offshore | M69: 0.75 | N69: 0.85 | O69: CNY/kWh | P69: absolute | Q69: 2016 | S69: inter-tidal zone / offshore wind power
A70: ='High impact policies'!A87 -> 5c-CHN-ENE-FIN-13 | B70: China | C70: CHN | D70: CurPol | E70: - | F70: Electricity and heat | G70: Implemented | H70: Subsidy for distributed PV power | I70: 0.42 | J70: 0.42 | K70: CNY/kwh | L70: Feed-in tariff|Solar PV | M70: 0.42 | N70: 0.42 | O70: CNY/kWh | P70: absolute | Q70: 2013 | S70: Local subsidy different among the provinces
A71: ='High impact policies'!A88 -> 5d-CHN-ENE-FIN-13 | B71: China | C71: CHN | D71: CurPol | E71: - | F71: Electricity and heat | G71: Implemented | H71: Feed-in tariff for PV power station | I71: 0.89 | J71: 0.89 | K71: CNY/kwh | L71: Feed-in tariff|Solar PV (power station) | M71: 0.89 | N71: 0.89 | O71: CNY/kWh | P71: absolute | Q71: 2013 | S71: 3 regions
A72: ='High impact policies'!A89 -> 6a-CHN-TRA-EFF-25 | B72: China | C72: CHN | D72: CurPol | E72: - | F72: Transport | G72: Implemented | H72: Target fuel consumption of new passenger vehicles | I72: 4 | J72: 4 | K72: L/100km | L72: Efficiency|Transportation|Passenger|Car|Internal Combustion Engine|Gasoline | M72: 0.9 | N72: 0.9 | O72: MJ/km | P72: absolute | Q72: 2017 | R72: 2025
A73: ='High impact policies'!A90 -> 8d-CHN-TRA-EFF-21 | B73: China | C73: CHN | D73: CurPol | E73: - | F73: Transport | G73: Implemented | H73: Light-duty vehicles emission standards | L73: Fuel efficiency standard | P73: absolute | S73: EURO standards
A74: ='High impact policies'!A91 -> 8e-CHN-TRA-EFF-21 | B74: China | C74: CHN | D74: CurPol | E74: - | F74: Transport | G74: Implemented | H74: Heavy-duty vehicles emission standards | L74: Fuel efficiency standard | P74: absolute | S74: EURO standards
A75: =A74&"-"&"ALT" -> 8e-CHN-TRA-EFF-21-ALT | B75: China | C75: CHN | D75: CurPol | E75: - | F75: Transport | G75: Implemented | H75: Light-duty vehicles emission standards | I75: 0.9375 | J75: 0.9375 | K75: MJ/pkm | L75: Efficiency|Transportation|Freight|Medium Truck|Internal Combustion Engine|Gasoline | M75: 0.94 | N75: 0.94 | O75: MJ/km | P75: absolute | R75: 2025 | S75: LHV
A76: ='High impact policies'!A92 -> 9b-CHN-GEN-EFF-25 | B76: China | C76: CHN | D76: CurPol | E76: - | F76: Economy-wide | G76: Implemented | H76: Carbon intensity reduction (per unit GDP) | I76: -18 | J76: -18 | K76: % | L76: CO2 intensity | M76: -18 | N76: -18 | O76: % | P76: relative | Q76: 2020 | R76: 2025 | S76: Carbon intensity per unit of GDP (tCO2e/GDP)
A77: ='High impact policies'!A93 -> 9c-CHN-GEN-FGAS-45 | B77: China | C77: CHN | D77: CurPol | E77: - | F77: Economy-wide | G77: Implemented | H77: HFC emissions reduction | I77: -80 | J77: -80 | K77: % | L77: Emissions|HFC | M77: -80 | N77: -80 | O77: % | P77: relative | Q77: 2021 | R77: 2045
A78: ='High impact policies'!A94 -> 9d-CHN-ENE-EFF-25 | B78: China | C78: CHN | D78: CurPol | E78: - | F78: Electricity and heat | G78: Implemented | H78: Energy intensity reduction (per unit GDP) | I78: -13.5 | J78: -13.5 | K78: % | L78: Energy intensity | M78: -13.5 | N78: -13.5 | O78: % | P78: relative | Q78: 2020 | R78: 2025 | S78: MJ/GDP
A79: ='High impact policies'!A95 -> 9e-CHN-ALU-AFF-30 | B79: China | C79: CHN | D79: CurPol | E79: - | F79: Agriculture and forestry | G79: Implemented | H79: Forest coverage | I79: 26 | J79: 26 | K79: % | L79: Land Cover|Forest|Afforestation and Reforestation | M79: 26 | N79: 26 | O79: % | P79: absolute | R79: 2030 | S79: 44.2Mha in IMAGE vs SSP2 (58.5% or 100Mha if we follow the policy itself)
A80: =A79&"-ALT" -> 9e-CHN-ALU-AFF-30-ALT | B80: China | C80: CHN | D80: CurPol | E80: - | F80: Agriculture and forestry | G80: Implemented | H80: Forest coverage | I80: 44.2 | J80: 44.2 | K80: Mha | L80: Land Cover|Forest|Afforestation and Reforestation | M80: 44.2 | N80: 44.2 | O80: Mha | P80: absolute | R80: 2030
A81: ='High impact policies'!A96 -> 10a-CHN-IND-GHG-30 | B81: China | C81: CHN | D81: CurPol | E81: - | F81: Industry | G81: Implemented | H81: Carbon dioxide peaking from steel sector | L81: Emissions|CO2|Industrial Processes|Iron and Steel | P81: absolute | Q81: 2022 | R81: 2030 | S81: Peaking by 2030
A82: ='High impact policies'!A97 -> 11b-CHN-TRA-EVP-25 | B82: China | C82: CHN | D82: CurPol | E82: - | F82: Transport | G82: Implemented | H82: Electric vehicles | Share of new passenger fleet | I82: 25 | J82: 25 | K82: % | L82: Share of low emission vehicles|cars|New | M82: 25 | N82: 25 | O82: % | P82: absolute | R82: 2025
A83: ='High impact policies'!A98 -> 12b-CHN-IND-EFF-25 | B83: China | C83: CHN | D83: CurPol | E83: - | F83: Industry | G83: Implemented | H83: Carbon dioxide intensity per unit of industrial output | I83: 40 | J83: 40 | K83: % | L83: Emissions|CO2|Energy|Demand|Industry / Value Added|Industry | M83: 40 | N83: 40 | O83: % | P83: relative | Q83: 2015 | R83: 2025 | S83: CO2/IVA
A84: ='High impact policies'!A99 -> 19a-CHN-ENE-ETS-20 | B84: China | C84: CHN | D84: CurPol | E84: - | F84: Electricity and heat | G84: Implemented | P84: relative | S84: The targets of the national ETS plan are basically the individual targets of other policies included in this protocol (NDC targets, energy intensity targets etc)
A85: ='High impact policies'!A100 -> 20a-CHN-ENE-MOD-25 | B85: China | C85: CHN | D85: CurPol | E85: - | F85: Electricity and heat | G85: Implemented | H85: Target for annual production capacity of hydrogen with renewable sources | I85: 100000 | J85: 200000 | K85: t/y | L85: Capacity|Hydrogen|Renewable sources | M85: 100000 | N85: 200000 | O85: t/y | P85: relative | Q85: 2022 | R85: 2025
A86: ='High impact policies'!A103 -> 0a-EUR-GEN-NDC-30 | B86: EU | C86: EU | D86: NDC | E86: Unconditional | F86: Economy-wide | G86: Planned | H86: Domestic GHG emissions reduction (incl LULUCF) | I86: -55 | J86: -55 | K86: % | L86: Emissions|Kyoto Gases | M86: -55 | N86: -55 | O86: % | P86: relative | Q86: 1990 | R86: 2030 | S86: 1990 level = 5472 MtCO2e (EU28), 4659 (EU27) based on BUR submissions
A87: ='High impact policies'!A104 -> 0b-EUR-GEN-LTS-50 | B87: EU | C87: EU | D87: LTS | E87: - | F87: Economy-wide | G87: Planned | H87: GHG emissions (incl LULUCF) | I87: -100 | J87: -100 | K87: % | L87: Emissions|Kyoto Gases | M87: -100 | N87: -100 | O87: % | P87: absolute | R87: 2050
A88: ='High impact policies'!A105 -> 1a-EUR-GEN-FGAS-36 | B88: EU | C88: EU | D88: CurPol | E88: - | F88: Economy-wide | G88: Implemented | H88: HFC emissions reduction | I88: -85 | J88: -85 | K88: % | L88: Emissions|HFC | M88: -85 | N88: -85 | O88: % | P88: relative | Q88: 2012 | R88: 2036
A89: ='High impact policies'!A106 -> 2b-EUR-ENE-REN-30 | B89: EU | C89: EU | D89: CurPol | E89: - | F89: Electricity and heat | G89: Implemented | H89: Share of renewables in energy consumption | I89: 27 | K89: % | L89: Primary Energy|Non-Biomass Renewables | M89: 27 | O89: % | P89: relative | Q89: BAU | R89: 2030 | S89: More than 27%
A90: ='High impact policies'!A107 -> 2c-EUR-ENE-EFF-30 | B90: EU | C90: EU | D90: CurPol | E90: - | F90: Electricity and heat | G90: Implemented | H90: Energy consumption reduction | I90: -27 | K90: % | L90: Final Energy | M90: -27 | O90: % | P90: relative | Q90: BAU | R90: 2030 | S90: More than 27%
A91: ='High impact policies'!A108 -> 2e-EUR-ENE-EFF-30 | B91: EU | C91: EU | D91: CurPol | E91: - | F91: Electricity and heat | G91: Implemented | H91: Share of renewables in electricity production | I91: 32 | J91: 32 | K91: % | L91: Renewable electricity share | M91: 32 | N91: 32 | O91: % | P91: absolute | Q91: 2020 | R91: 2030
A92: ='High impact policies'!A109 -> 3a-EUR-TRA-GHG-50 | B92: EU | C92: EU | D92: CurPol | E92: - | F92: Transport | G92: Planned | H92: Carbon emissions target | I92: -60 | J92: -60 | K92: % | L92: Emissions|CO2|Transport | M92: -60 | N92: -60 | O92: % | P92: relative | Q92: 2011 | R92: 2050
A93: ='High impact policies'!A110 -> 3b-EUR-TRA-FOS-30 | B93: EU | C93: EU | D93: CurPol | E93: - | F93: Transport | G93: Planned | H93: Reduction of use of petrol and diesel cars in cities | I93: -50 | J93: -50 | K93: % | L93: Reduction in petrol and diesel cars in fleet | M93: -50 | N93: -50 | O93: % | P93: relative | Q93: 2011 | R93: 2030 | S93: Requires data on share of cars in cities out of total road transport to implement
A94: ='High impact policies'!A111 -> 3c-EUR-TRA-FOS-50 | B94: EU | C94: EU | D94: CurPol | E94: - | F94: Transport | G94: Planned | H94: Reduction of use of petrol and diesel cars in cities | I94: -100 | J94: -100 | K94: % | L94: Reduction in petrol and diesel cars in fleet | M94: -100 | N94: -100 | O94: % | P94: relative | Q94: 2011 | R94: 2050 | S94: Requires data on share of cars in cities out of total road transport to implement
A95: ='High impact policies'!A112 -> 3e-EUR-TRA-BIO-50 | B95: EU | C95: EU | D95: CurPol | E95: - | F95: Transport | G95: Planned | H95: Share of low-carbon sustainable fuels in air transport | I95: 40 | J95: 40 | K95: % | L95: Sustainable fuels in air transport | M95: 40 | N95: 40 | O95: % | P95: relative | Q95: 2011 | R95: 2050
A96: ='High impact policies'!A113 -> 3f-EUR-TRA-GHG-50 | B96: EU | C96: EU | D96: CurPol | E96: - | F96: Transport | G96: Planned | H96: CO2 emissions reductions from ships | I96: 40 | J96: 40 | K96: % | L96: Emissions|CO2|Energy|Demand|Transportation|Shipping | M96: 40 | N96: 40 | O96: % | P96: relative | Q96: 2011 | R96: 2050
A97: ='High impact policies'!A114 -> 5b-EUR-TRA-EFF-30 | B97: EU | C97: EU | D97: CurPol | E97: - | F97: Transport | G97: Implemented | H97: CO2 emissions vans | I97: -31 | J97: -31 | K97: % | L97: Emissions|CO2|Energy|Demand|Transportation|LDV | M97: -31 | N97: -31 | O97: % | P97: relative | Q97: 2021 | R97: 2030
A98: ='High impact policies'!A115 -> 5c-EUR-TRA-EFF-25 | B98: EU | C98: EU | D98: CurPol | E98: - | F98: Transport | G98: Implemented | H98: Fuel efficiency | Light-duty vehicles (passenger vehicles)|New - CO2 emissions | I98: -15 | J98: -15 | K98: % | L98: Emissions|CO2|Energy|Demand|Transportation|Passenger|Road | M98: -15 | N98: -15 | O98: % | P98: relative | Q98: 2021 | R98: 2025
A99: ='High impact policies'!A116 -> 5d-EUR-TRA-EFF-30 | B99: EU | C99: EU | D99: CurPol | E99: - | F99: Transport | G99: Implemented | H99: Fuel efficiency | Light-duty vehicles (passenger vehicles)|New - CO2 emissions | I99: -37.5 | J99: -37.5 | K99: % | L99: Emissions|CO2|Energy|Demand|Transportation|Passenger|Road | M99: -37.5 | N99: -37.5 | O99: % | P99: relative | Q99: 2021 | R99: 2030
A100: ='High impact policies'!A117 -> 5e-EUR-TRA-EFF-25 | B100: EU | C100: EU | D100: CurPol | E100: - | F100: Transport | G100: Implemented | H100: Share of low emission new vans | I100: 15 | J100: 15 | K100: % | L100: Share of low emission vehicles|vans|New | M100: 15 | N100: 15 | O100: % | P100: relative | Q100: 2021 | R100: 2025
...
